AA
CALGARY COWBOYS @ LAWRENCE PATRIOTS
05/30/2060
 
TOP OF THE 1ST
Calgary Cowboys batting - Pitching for Lawrence Patriots : RHP Marcquise Dowd
Pitching: RHP Marcquise Dowd
Batting: SHB Rashid Letsos 0-0: Ball
1-0: Ball
2-0: Ball
3-0: Called Strike
3-1: Foul Ball, location: 2F
3-2: Fly out, F7 (Flyball, 78D, EV 78.8 MPH)
Batting: RHB Jacoby Button 0-0: Foul Ball, location: 2F
0-1: Foul Ball, location: 2F
0-2: Ball
1-2: Strikes out swinging
Batting: RHB Darcey Hodnett 0-0: DOUBLE (Line Drive, 9LS, EV 97.5 MPH)
Batting: LHB Stavian Adjeng 0-0: Fly out, F7 (Line Drive, 7D, EV 100.0 MPH)
Top of the 1st over - 0 runs, 1 hit, 0 errors, 1 left on base; Calgary 0 - Lawrence 0
BOTTOM OF THE 1ST
Lawrence Patriots batting - Pitching for Calgary Cowboys : RHP Jimmie Tyler
Pitching: RHP Jimmie Tyler
Batting: LHB Johnny Nieves 0-0: Ball
1-0: Foul Ball, location: 2F
1-1: Ball
2-1: Ball
3-1: Ground out 5-3 (Groundball, 56S, EV 69.4 MPH)
Batting: LHB Mort Simbolon 0-0: Called Strike
0-1: Ball
1-1: Ball
2-1: Foul Ball, location: 2F
2-2: Fly out, F9 (Flyball, 9S, EV 81.2 MPH)
Batting: RHB Vin Edwards 0-0: Called Strike
0-1: Ball
1-1: Foul Ball, location: 2F
1-2: Strikes out swinging
Bottom of the 1st over - 0 runs, 0 hits, 0 errors, 0 left on base; Calgary 0 - Lawrence 0
TOP OF THE 2ND
Calgary Cowboys batting - Pitching for Lawrence Patriots : RHP Marcquise Dowd
Batting: RHB Jaboree Kafengauz 0-0: Ball
1-0: Ball
2-0: Foul Ball, location: 2F
2-1: Ball
3-1: Swinging Strike
3-2: Ground out 6-3 (Groundball, 6, EV 81.2 MPH)
Batting: SHB Blake Humphrey 0-0: Ball
1-0: Swinging Strike
1-1: Ball
2-1: Ball
3-1: Base on Balls
Batting: RHB Hayden Jeffus 0-0: Grounds into double play, 6-4-3 (Groundball, 6, EV 83.8 MPH)
Top of the 2nd over - 0 runs, 0 hits, 0 errors, 0 left on base; Calgary 0 - Lawrence 0
BOTTOM OF THE 2ND
Lawrence Patriots batting - Pitching for Calgary Cowboys : RHP Jimmie Tyler
Batting: RHB Parker Woods 0-0: Ball
1-0: Ball
2-0: Called Strike
2-1: Swinging Strike
2-2: Ball
3-2: Foul Ball, location: 2F
3-2: Foul Ball, location: 2F
3-2: Foul Ball, location: 2F
3-2: Fly out, F7 (Flyball, 7D, EV 103.1 MPH)
Batting: LHB Kenny Jackson 0-0: Fly out, F8 (Flyball, 8RS, EV 90.0 MPH)
Batting: RHB Obie Simbolon 0-0: Ball
1-0: Ball
2-0: Foul Ball, location: 2F
2-1: Ball
3-1: Called Strike
3-2: Fly out, F9 (Flyball, 9D, EV 102.5 MPH)
Bottom of the 2nd over - 0 runs, 0 hits, 0 errors, 0 left on base; Calgary 0 - Lawrence 0
TOP OF THE 3RD
Calgary Cowboys batting - Pitching for Lawrence Patriots : RHP Marcquise Dowd
Batting: RHB Jerrold Alvarez 0-0: Ball
1-0: Ball
2-0: Called Strike
2-1: Foul Ball, location: 2F
2-2: Foul Ball, location: 2F
2-2: Ball
3-2: Strikes out swinging
Batting: RHB Hartley Muro 0-0: Ball
1-0: Foul Ball, location: 2F
1-1: Swinging Strike
1-2: Foul Ball, location: 2F
1-2: Ball
2-2: Ball
3-2: Foul Ball, location: 2F
3-2: Base on Balls
Batting: SHB Rashid Letsos 0-0: Called Strike
0-1: Ball
1-1: Swinging Strike
1-2: Reached on error, E4 (Groundball, 4, EV 82.5 MPH)
Hartley Muro to second
Batting: RHB Jacoby Button 0-0: Ball
1-0: Ball
2-0: Called Strike
2-1: Ball
3-1: Grounds into double play, 4-6-3 (Groundball, 34, EV 88.1 MPH)
Top of the 3rd over - 0 runs, 0 hits, 1 error, 1 left on base; Calgary 0 - Lawrence 0
BOTTOM OF THE 3RD
Lawrence Patriots batting - Pitching for Calgary Cowboys : RHP Jimmie Tyler
Batting: LHB Jansen Stites 0-0: Foul Ball, location: 2F
0-1: Foul Ball, location: 2F
0-2: Ball
1-2: Strikes out swinging
Batting: RHB Lloyd Fair 0-0: Ball
1-0: Ground out U3 (Groundball, 34, EV 88.8 MPH)
Batting: RHB Scottie Viele 0-0: Called Strike
0-1: Ground out 4-3 (Groundball, 4, EV 103.8 MPH)
Bottom of the 3rd over - 0 runs, 0 hits, 0 errors, 0 left on base; Calgary 0 - Lawrence 0
TOP OF THE 4TH
Calgary Cowboys batting - Pitching for Lawrence Patriots : RHP Marcquise Dowd
Batting: RHB Darcey Hodnett 0-0: Ball
1-0: Ball
2-0: Called Strike
2-1: Ball
3-1: Base on Balls
Batting: LHB Stavian Adjeng 0-0: Ball
1-0: Foul Ball, location: 2F
1-1: Fielders Choice at 2nd, 4-6 (Groundball, 34D, EV 83.8 MPH)
Now at SS: Norville Flores
Batting: RHB Jaboree Kafengauz 0-0: Called Strike
Stavian Adjeng steals 2nd base
0-1: Ball
Wild Pitch!
Stavian Adjeng to third
1-1: Ball
2-1: Ball
3-1: Ground out 1-3 (Groundball, 13S, EV 65.6 MPH)
Batting: SHB Blake Humphrey 0-0: Ball
1-0: Ball
2-0: Called Strike
2-1: Foul Ball, location: 2F
2-2: Foul Ball, location: 2F
2-2: SINGLE (Line Drive, 4D, EV 100.0 MPH)
Stavian Adjeng scores
Batting: RHB Hayden Jeffus 0-0: Ball
1-0: Foul Ball, location: 2F
1-1: Swinging Strike
1-2: Ball
2-2: SINGLE (Groundball, 6MD, EV 104.4 MPH)
Blake Humphrey to second
Runner from 2nd tries for 3rd, SAFE, throw by CF made to third
Batting: RHB Jerrold Alvarez 0-0: Swinging Strike
0-1: Ball
1-1: Ball
2-1: Foul Ball, location: 2F
2-2: Strikes out swinging
Top of the 4th over - 1 run, 2 hits, 0 errors, 2 left on base; Calgary 1 - Lawrence 0
BOTTOM OF THE 4TH
Lawrence Patriots batting - Pitching for Calgary Cowboys : RHP Jimmie Tyler
Batting: LHB Johnny Nieves 0-0: Called Strike
0-1: Ball
1-1: SINGLE (Groundball, 56D, EV 100.0 MPH)
Batting: LHB Mort Simbolon 0-0: Ball
1-0: Grounds into double play, 6-4-3 (Groundball, 6, EV 111.2 MPH)
Batting: RHB Vin Edwards 0-0: Called Strike
0-1: Called Strike
0-2: Ball
1-2: Foul Ball, location: 2F
1-2: SINGLE (Groundball, 56S, EV 73.8 MPH) (infield hit)
Batting: RHB Parker Woods 0-0: Called Strike
0-1: Fielders Choice at 2nd, 6-4 (Groundball, 6, EV 101.9 MPH)
Bottom of the 4th over - 0 runs, 2 hits, 0 errors, 1 left on base; Calgary 1 - Lawrence 0
TOP OF THE 5TH
Calgary Cowboys batting - Pitching for Lawrence Patriots : RHP Marcquise Dowd
Batting: RHB Hartley Muro 0-0: Foul Ball, location: 2F
0-1: Ball
1-1: Called Strike
1-2: Ball
2-2: Foul Ball, location: 2F
2-2: Strikes out looking
Batting: SHB Rashid Letsos 0-0: Foul Ball, location: 2F
0-1: Called Strike
0-2: Ball
1-2: Ball
2-2: SINGLE (Line Drive, 7S, EV 99.4 MPH)
Batting: RHB Jacoby Button 0-0: Swinging Strike
0-1: Ball
1-1: Ball
2-1: Ball
Wild Pitch!
Rashid Letsos to second
3-1: Ground out 5-3 (Groundball, 56S, EV 80.0 MPH)
Batting: RHB Darcey Hodnett 0-0: Ball
1-0: Called Strike
1-1: Foul Ball, location: 2F
1-2: Ball
2-2: Strikes out swinging
Top of the 5th over - 0 runs, 1 hit, 0 errors, 1 left on base; Calgary 1 - Lawrence 0
BOTTOM OF THE 5TH
Lawrence Patriots batting - Pitching for Calgary Cowboys : RHP Jimmie Tyler
Batting: LHB Kenny Jackson 0-0: Called Strike
0-1: Ball
1-1: Ground out 5-3 (Groundball, 56, EV 80.0 MPH)
Batting: RHB Obie Simbolon 0-0: Ball
1-0: Swinging Strike
1-1: Foul Ball, location: 2F
1-2: Strikes out swinging
Batting: LHB Jansen Stites 0-0: Ball
1-0: Swinging Strike
1-1: Foul Ball, location: 2F
1-2: Ball
2-2: Strikes out swinging
Bottom of the 5th over - 0 runs, 0 hits, 0 errors, 0 left on base; Calgary 1 - Lawrence 0
TOP OF THE 6TH
Calgary Cowboys batting - Pitching for Lawrence Patriots : RHP Marcquise Dowd
Batting: LHB Stavian Adjeng 0-0: Fly out, F9 (Line Drive, 9, EV 86.2 MPH)
Batting: RHB Jaboree Kafengauz 0-0: Fly out, F8 (Line Drive, 8RM, EV 108.1 MPH)
Batting: SHB Blake Humphrey 0-0: Foul Ball, location: 2F
0-1: Ball
1-1: Ball
2-1: Foul Ball, location: 2F
2-2: Strikes out swinging
Top of the 6th over - 0 runs, 0 hits, 0 errors, 0 left on base; Calgary 1 - Lawrence 0
BOTTOM OF THE 6TH
Lawrence Patriots batting - Pitching for Calgary Cowboys : RHP Jimmie Tyler
Batting: RHB Lloyd Fair 0-0: Ground out U3 (Groundball, 34S, EV 90.0 MPH)
Batting: RHB Norville Flores 0-0: Ball
1-0: Fly out, F7 (Line Drive, 78S, EV 97.5 MPH)
Batting: LHB Johnny Nieves 0-0: Ground out 4-3 (Groundball, 4S, EV 88.8 MPH)
Bottom of the 6th over - 0 runs, 0 hits, 0 errors, 0 left on base; Calgary 1 - Lawrence 0
TOP OF THE 7TH
Calgary Cowboys batting - Pitching for Lawrence Patriots : RHP Marcquise Dowd
Batting: RHB Hayden Jeffus 0-0: Ball
1-0: Ground out 5-3 (Groundball, 56, EV 103.8 MPH)
Pitching: RHP Jackson Mullins
Batting: RHB Jerrold Alvarez 0-0: Called Strike
0-1: Fly out, F7 (Flyball, 7, EV 93.8 MPH)
Batting: RHB Hartley Muro 0-0: Ball
1-0: Called Strike
1-1: Foul Ball, location: 2F
1-2: Ball
2-2: Ground out 4-3 (Groundball, 4M, EV 99.4 MPH)
Top of the 7th over - 0 runs, 0 hits, 0 errors, 0 left on base; Calgary 1 - Lawrence 0
BOTTOM OF THE 7TH
Lawrence Patriots batting - Pitching for Calgary Cowboys : RHP Jimmie Tyler
Batting: LHB Mort Simbolon 0-0: Called Strike
0-1: Called Strike
0-2: Ball
1-2: Strikes out looking
Batting: RHB Vin Edwards 0-0: Ground out 6-3 (Groundball, 6, EV 84.4 MPH)
Batting: RHB Parker Woods 0-0: Called Strike
0-1: Swinging Strike
0-2: Strikes out swinging
Bottom of the 7th over - 0 runs, 0 hits, 0 errors, 0 left on base; Calgary 1 - Lawrence 0
TOP OF THE 8TH
Calgary Cowboys batting - Pitching for Lawrence Patriots : RHP Jackson Mullins
Batting: SHB Rashid Letsos 0-0: Called Strike
0-1: Foul Ball, location: 2F
0-2: Strikes out looking
Batting: RHB Jacoby Button 0-0: Fly out, F6 (Popup, 6MS, EV 73.1 MPH)
Batting: RHB Darcey Hodnett 0-0: Ball
1-0: Called Strike
1-1: Ball
2-1: SINGLE (Groundball, 56D, EV 98.1 MPH)
Batting: LHB Stavian Adjeng 0-0: Ball
1-0: Ball
2-0: Called Strike
2-1: Foul Ball, location: 2F
2-2: Ball
3-2: Foul Ball, location: 2F
3-2: Fly out, F3 (Popup, 3S, EV 89.4 MPH)
Top of the 8th over - 0 runs, 1 hit, 0 errors, 1 left on base; Calgary 1 - Lawrence 0
BOTTOM OF THE 8TH
Lawrence Patriots batting - Pitching for Calgary Cowboys : RHP Jimmie Tyler
Batting: LHB Kenny Jackson 0-0: Ball
1-0: Called Strike
1-1: Fly out, F8 (Line Drive, 8RM, EV 91.9 MPH)
Pinch Hitting: LHB Christopher Gabbard 0-0: Called Strike
0-1: Foul Ball, location: 2F
0-2: Ground out 5-3 (Groundball, 56, EV 86.9 MPH)
Batting: LHB Jansen Stites 0-0: Called Strike
0-1: Called Strike
0-2: Ball
1-2: Fly out, F9 (Flyball, 9S, EV 86.9 MPH)
Bottom of the 8th over - 0 runs, 0 hits, 0 errors, 0 left on base; Calgary 1 - Lawrence 0
TOP OF THE 9TH
Calgary Cowboys batting - Pitching for Lawrence Patriots : RHP Jackson Mullins
Now in LF: Andy Hendricks
Batting: RHB Jaboree Kafengauz 0-0: Ball
1-0: Called Strike
1-1: Ball
2-1: Ground out 5-3 (Groundball, 56S, EV 83.1 MPH)
Batting: SHB Blake Humphrey 0-0: Foul Ball, location: 2F
0-1: Foul Ball, location: 2F
0-2: Strikes out looking
Batting: RHB Hayden Jeffus 0-0: Swinging Strike
0-1: Called Strike
0-2: SINGLE (Groundball, 6MD, EV 110.0 MPH)
Batting: RHB Jerrold Alvarez 0-0: Ball
1-0: Foul Ball, location: 2F
1-1: Foul Ball, location: 2F
1-2: Strikes out looking
Top of the 9th over - 0 runs, 1 hit, 0 errors, 1 left on base; Calgary 1 - Lawrence 0
BOTTOM OF THE 9TH
Lawrence Patriots batting - Pitching for Calgary Cowboys : RHP Jimmie Tyler
Pitching: RHP Owen Carr
Now in LF: Isaac Luo
Batting: RHB Lloyd Fair 0-0: SINGLE (Groundball, 34D, EV 104.4 MPH)
Pinch Hitting: LHB Deshaun Hone 0-0: Fielders Choice at 2nd, 4-6 (Groundball, 4, EV 91.2 MPH)
Batting: LHB Johnny Nieves 0-0: Ball
1-0: DOUBLE (Flyball, 8RXD, EV 95.0 MPH)
Deshaun Hone to third
Runner from 3rd tries for Home, SAFE, no throw by CF
Batting: LHB Mort Simbolon 0-0: SINGLE (Groundball, 5S, EV 94.4 MPH)
Johnny Nieves to third
Runner from 3rd tries for Home, SAFE, throw by LF to home
Bottom of the 9th over - 2 runs, 3 hits, 0 errors, 1 left on base; Calgary 1 - Lawrence 2
Friday, May 3rd , 2024 - OOTP Baseball 23.10 Build 110